Krak-Boem, chaotic male orcish Barbarian # ----------|-- ------ |...........| ----- |....| ------------ ##............| |...| |....| |.....(.....### # |...........| |...| `-....| |..........| ### |...........| |....# #|....| |..........| # ------.------ |.<.|# #|....| |.....%.....########### #######################....|# #----.- |....>.....| ^ |...|# # ## ------------ ### --|--# # # # # # # # ######### # # # # -------------.--# # ### # # |..............-######################### # |........a.....|####`##################-.--.--- |......Y.@.....| -----------|---####.......| |....`..........####..^............` |......| ---------------- |.............|####.......| --------------- -------- Krak-Boem the Bandit Experience level: 7 Strength: 20 Dexterity: 17 Constitution: 18 Intelligence: 7 Wisdom: 8 Charisma: 6 Health: 0(107) Energy: 11(11) Def: 1 Gold: 1452 Moves: 3552 Dungeon seed: On6U_1KMbbgcQYMD Game ID: Krak-Boem_1654639310 Your Inventory: Coins $ - 1452 gold pieces Weapons a - an uncursed very corroded +0 two-handed sword (weapon in hands) b - an uncursed +0 axe w - an uncursed +0 elven dagger of searching x - an uncursed +0 dagger (in quiver) Armor e - an uncursed rusty +0 orcish ring mail (being worn) Comestibles c - 5 uncursed food rations q - an uncursed tin of female kobold meat Scrolls n - an uncursed scroll of enchant weapon A - a cursed scroll of identify Potions z - a cursed potion of restore ability D - an uncursed potion of gain ability Rings o - a cursed ring of polymorph control s - a cursed ring of regeneration Tools v - an uncursed blindfold Spells and supernatural/magical abilities: Name Level Category Cost Memory a - force bolt 1 attack 1000pw 99% W - pray for help -- divine ? -- Your skills at the end: Fighting Skills bare handed combat [Basic] Weapon Skills axe [Basic] two-handed sword [Skilled] Spellcasting Skills Final Attributes: You were piously aligned. You were immune to poison. You were telepathic. You had infravision. You were fast. You angered your god 239 turns ago. Set was slightly angry at you. You are dead. Vanquished creatures: a giant beetle a spotted jelly a gold golem a lizard a dingo 3 ravens a rock piercer 4 yellow lights 2 gray oozes a giant ant 2 floating eyes 2 kittens a rothe 3 giant bats 2 iguanas 9 killer bees 2 acid blobs a gas spore a hobbit 12 manes a brown mold a red mold a gnome zombie 2 geckos 3 jackals a fox 6 kobolds 3 sewer rats 4 grid bugs 2 bats 4 lichens 5 newts 84 creatures vanquished. Voluntary challenges: You used a wielded weapon 123 times, starting on turn 80. You read items or engraved 3 times, starting on turn 2610. You never genocided any monsters. You never polymorphed an object. You never changed form. You used no wishes. You never split a pudding. You never wrote Elbereth's name. You never violated your personal moral code. Dungeon overview: The Dungeons of Doom: levels 1 to 9 Level 1 a sink, a vault a long staircase Level 2 a potion shop, a fountain Level 3 an altar to Crom Level 4 Level 5 an altar to Mitra, a vault Level 6 an altar to Crom, some fountains, a vault Level 7 <- You were here Level 8 Level 9 History has recorded: On T:1 you entered the Dungeons of Doom to retrieve the Amulet of Yendor! On T:64 you reached level 2 of The Dungeons of Doom. On T:438 you advanced to experience level 2. On T:578 you reached level 3 of The Dungeons of Doom. On T:863 you advanced to experience level 3. On T:1177 you reached level 4 of The Dungeons of Doom. On T:1423 you advanced to experience level 4. On T:1534 you reached level 5 of The Dungeons of Doom. On T:1669 you reached level 6 of The Dungeons of Doom. On T:1990 you reached level 7 of The Dungeons of Doom. On T:2059 you reached level 8 of The Dungeons of Doom. On T:2186 you advanced to experience level 5. On T:2385 you advanced to experience level 6. On T:3210 you reached level 9 of The Dungeons of Doom. On T:3221 you advanced to experience level 7. Score breakdown: Gold: 1452 (10756 points) Experience: 7 levels (13645 points) Exploration: 9 levels ( 19.57%) (12649 points) Discoveries: 5 items ( 1.99%) ( 4234 points) Valuables value: (no points given unless you survive) Artifact value: 0 ( 0 points) Variety of kills: 32 monsters ( 8.42%) ( 8705 points) Turncount: 3552 turns ( -849 points) Survival: died (score multiplied by 80%) Total score: 39312 Latest messages: You can see again. There is nothing here to pick up. You see here an uncursed +0 axe. b - an uncursed +0 axe. There is nothing here to pick up. (2x) You smite the soldier ant! The soldier ant bites! The soldier ant stings! You smite the soldier ant! The soldier ant bites! The soldier ant stings! You miss the soldier ant. The soldier ant bites! The soldier ant stings! The soldier ant bites! The soldier ant stings! The soldier ant bites! The soldier ant stings! The soldier ant's sting was poisoned, but doesn't affect you. You smite the soldier ant! The soldier ant bites! You die... Final status: Goodbye Krak-Boem the Barbarian, killed by a soldier ant... You died in The Dungeons of Doom on dungeon level 7 with 39312 points, and 1452 pieces of gold, after 3552 moves. You were level 7 with a maximum of 107 hit points when you died.